 Dungeon Crawl Stone Soup version 0.22-a0-525-gf69a080 (webtiles) character file.

9 iamserjio the Slasher (level 2, 1/14 HPs)
             Began as a Vine Stalker Wanderer on June 21, 2018.
             Quit the game on level 2 of the Dungeon.
             The game lasted 00:02:19 (270 turns).

iamserjio the Slasher (Vine Stalker Wanderer)        Turns: 270, Time: 00:02:20

Health: 1/14       AC:  5    Str: 11    XL:     2   Next: 16%
Magic:  1/4        EV: 12    Int: 19    God:
Gold:   36         SH:  0    Dex: 14    Spells: 1/1 levels left

rFire    . . .     SeeInvis .   c - +0 falchion
rCold    . . .     Gourm    .   (no shield)
rNeg     . . .     Faith    .   a - +2 leather armour
rPois    .         Spirit   +   (no helmet)
rElec    .         Reflect  .   (no cloak)
rCorr    .         Harm     .   (no gloves)
MR       .....                  (no boots)
Stlth    ++........             (no amulet)
HPRegen  0.04/turn              (no ring)
MPRegen  0.09/turn              (no ring)

@: brilliant, lethally poisoned (1 -> -13)
A: fangs 2, magic shield, antimagic bite, no potion heal 3, rot immunity
a: no special abilities


You were on level 2 of the Dungeon.
You were not hungry.

You visited 1 branch of the dungeon, and saw 2 of its levels.

You collected 36 gold pieces.

Inventory:

Hand Weapons
 c - a +0 falchion (weapon)
Armour
 a - a +2 leather armour (worn)
Jewellery
 g - a cursed ring of loudness {unknown}
Scrolls
 b - 2 scrolls of teleportation
 h - a scroll of blinking {unknown}
Comestibles
 d - 4 rations


   Skills:
 + Level 1.3 Fighting
 - Level 2.6 Long Blades
 - Level 2.4 Dodging
 - Level 1.2 Stealth
 * Level 1.3 Unarmed Combat
   Level 1.7 Evocations


You had one spell level left.
You didn't know any spells.
Your spell library was empty.

Dungeon Overview and Level Annotations

Branches:
Dungeon (2/15)

Altars:


Innate Abilities, Weirdness & Mutations

You have extremely sharp teeth.
When hurt, damage is shared between your health and your magic reserves.
Your bite disrupts and absorbs the magic of your enemies.
Potions cannot restore your health.
You are immune to rotting.


Message History

The adder bites you. x2
* * * LOW HITPOINT WARNING * * *
You are lethally poisoned!
The adder poisons you!
It was a potion of curing.
Your system rejects the healing.
You feel better. The adder barely misses you.
It was a potion of brilliance.
You feel clever all of a sudden. The adder bites you.
* * * LOW HITPOINT WARNING * * *
You are lethally poisoned!
The adder poisons you! The adder closely misses you.
You miss the adder. Your bite misses the adder.
* * * LOW HITPOINT WARNING * * *
You feel sick. The adder bites you but does no damage.
You barely miss the adder. Your bite misses the adder. The adder bites you.
You are more poisoned.
The adder poisons you! The adder bites you.
* * * LOW HITPOINT WARNING * * *
Are you sure you want to abandon this character and quit the game? (Confirm with "yes".)

#. # # #.##
##.#.#..### #
#.........# .#
..........# #.#
#........w####..#
####........)..#
......#.#..O#########
###..)#.#..bS@.......
##..#.#..##########
......... ##......###
..##### .#


You could see an ogre, a worm, an adder and a bat.

Vanquished Creatures
  2 bats
  A goblin (D:2)
  A hobgoblin (D:1)
  2 kobolds
  4 rats
10 creatures vanquished.

Notes
Turn   | Place    | Note
-------+----------+-------------------------------------------
     0 | D:1      | iamserjio the Vine Stalker Wanderer began the quest for the Orb.
     0 | D:1      | iamserjio set off with: a +2 leather armour, a scroll of teleportation, a +0 falchion, a ration
     0 | D:1      | Reached XP level 1. HP: 10/10 MP: 3/3
   219 | D:1      | Reached skill level 1 in Unarmed Combat
   241 | D:2      | Reached XP level 2. HP: 8/14 MP: 4/4
   253 | D:2      | Noticed an ogre
   270 | D:2      | Quit the game

Vault maps used:
D:1:      dpeg_arrival_leaves_temple_mockup
D:2:      kennysheep_ying_yang, nicolae_overflow_crystal_walls,
          grunt_temple_overflow_diamond, minmay_pentomino_q4, uniq_terence

Skill      XL: |  1 |
---------------+----+-----
Unarmed Combat | 1 |  1.3
Fighting       | |  1.3
Long Blades    | |  2.6
Dodging        | |  2.4
Stealth        | |  1.2
Evocations     | |  1.7

Action                   || total
-------------------------++-------
Melee: Falchion          ||    30
       Bite              ||     8
  Use: Potion            ||     2
 Stab: Sleeping          ||     1
Armor: Leather armour    ||    16
Dodge: Dodged            ||    24
       Rpst.: Falchion   ||     6

Table legend:
 A = Spawn XP
 B = Non-spawn XP
 C = Spawn XP percentage of total XP
 D = Spawn monster count
 E = Non-spawn monster count
 F = Spawn count percentage of total count
 G = Total turns spent on level
                    A         B        C        D         E        F      G
               +---------+---------+-------+---------+---------+-------+---------
         Total |       0 |      14 |   0.0 |       0 |      10 |   0.0 |   270
               +---------+---------+-------+---------+---------+-------+---------
           D:1 |       0 |       8 |   0.0 |       0 |       6 |   0.0 |   240
           D:2 |       0 |       6 |   0.0 |       0 |       4 |   0.0 |    30
               +---------+---------+-------+---------+---------+-------+---------
